 Dungeon Crawl Stone Soup version 0.21-a0-496-g696f58f (webtiles) character file.

638 slep the Fighter (level 7, -9/70 HPs)
             Began as a Minotaur Wanderer on Nov 24, 2017.
             Hit by a tomahawk of returning thrown by an orc warrior (13 damage)
             ... on level 6 of the Dungeon.
             The game lasted 00:11:52 (2866 turns).

slep the Fighter (Minotaur Wanderer)                Turns: 2866, Time: 00:11:52

Health: -9/70      AC:  5    Str: 19    XL:     7   Next: 25%
Magic:  6/6        EV: 12    Int:  8    God:
Gold:   243        SH:  0    Dex: 10    Spells: 6/6 levels left

rFire    . . .     SeeInvis .   e - +0 hand axe (freeze)
rCold    . . .     Gourm    .   (no shield)
rNeg     . . .     Faith    .   a - +2 leather armour
rPois    .         Spirit   .   (helmet restricted)
rElec    .         Reflect  .   (no cloak)
rCorr    .         Harm     .   (no gloves)
MR       .....                  (no boots)
Stlth    ++........             (no amulet)
HPRegen  0.21/turn              (no ring)
MPRegen  0.10/turn              (no ring)

@: no status effects
A: retaliatory headbutt, horns 2
a: no special abilities


You were on level 6 of the Dungeon.
You were very hungry.

You visited 2 branches of the dungeon, and saw 7 of its levels.

You collected 243 gold pieces.

Inventory:

Hand Weapons
 d - a +0 club
 e - a +0 hand axe of freezing (weapon)
 s - a +0 falchion
Missiles
 l - 11 tomahawks (quivered)
 r - a throwing net
Armour
 a - a +2 leather armour (worn)
Wands
 w - a wand of digging (12)
Scrolls
 c - a scroll of teleportation
 g - 2 scrolls of immolation {unknown}
 h - a scroll of blinking {unknown}
 m - a scroll of remove curse {unknown}
 n - 2 scrolls of amnesia {unknown}
 p - a scroll of enchant armour {unknown}
 t - 2 scrolls of identify {unknown}
 x - a scroll of random uselessness {unknown}
Potions
 b - a potion of lignification
 o - 3 potions of curing {unknown}
 q - a potion of haste {unknown}
 u - 2 potions of cancellation {unknown}
 v - 2 potions of degeneration {unknown}
Comestibles
 f - 3 bread rations
 i - 2 royal jellies
 j - 4 fruits
 k - a meat ration


   Skills:
 + Level 9.1 Fighting
 + Level 5.2 Axes
 + Level 0.2(3.1) Maces & Flails
 + Level 3.2 Armour
 + Level 2.9 Dodging
 + Level 2.3 Stealth
 + Level 1.0 Evocations


You had 6 spell levels left.
You didn't know any spells.

Dungeon Overview and Level Annotations

Branches:
Dungeon (6/15)             Temple (1/1) D:4

Altars:
Ashenzari
Cheibriados
Dithmenos
Elyvilon
Gozag
Hepliaklqana
Makhleb
Nemelex Xobeh
Qazlal
Sif Muna
Uskayaw
Vehumet
Wu Jian
Xom
Yredelemnul
Zin
The Shining One

Shops:
D:4 *


Innate Abilities, Weirdness & Mutations

You reflexively headbutt those who attack you in melee.
You have a pair of horns on your head.


Message History

The orc warrior hits you with a hand axe.
You barely miss the orc warrior.
The orc warrior hits you with a hand axe.
You hit the orc warrior but do no damage.
You headbutt the orc warrior.
The orc warrior is lightly wounded.
The orc warrior hits you with a hand axe!
* * * LOW HITPOINT WARNING * * *
You hit the orc warrior but do no damage.
You headbutt the orc warrior, but do no damage.
The orc warrior is lightly wounded.
The orc warrior hits you with a hand axe.
* * * LOW HITPOINT WARNING * * *
You slash the orc warrior! You freeze the orc warrior.
The orc warrior is moderately wounded.
The orc warrior hits you but does no damage.
Okay, then.
The orc warrior throws a tomahawk of returning.
The tomahawk of returning hits you!
You die...

#.# .. ... #.# <##.#.# ###
#.##....#.## ... .:
#<#......... ..# #.
#.#..##.#..# #.# #.
#..........##.#.# #.
###.#........ #.# #.
#....##..# #.# #.
#.##.##..####@# #.#######
#.............# #......o####.
####.###....o#####..###...o...
#.# #.........##.##....o...
#.# #.....###.##.##........
#.# #.....# #.......#.####.
#.# ####### #.##......# . ..#
#.######### . ### #.#


You could see an orc warrior.

Vanquished Creatures
  Sigmund (D:3)
  A bullfrog (D:2)
  2 hounds
  A centaur skeleton (D:4)
  2 orc priests
  An orc wizard (D:4)
  A worker ant (D:4)
  A hound skeleton (D:4)
  A howler monkey zombie (D:5)
  4 gnolls
  7 adders
  A shadow imp (D:4)
  An ooze (D:2)
  3 adder skeletons
  4 worms (D:3)
  2 dart slugs
  2 leopard geckos
  6 orcs
  2 giant cockroaches
  2 goblins
  3 hobgoblins
  3 jackals (D:2)
  A quokka (D:3)
  A ball python (D:3)
  4 bats
  8 frilled lizards
  6 kobolds
  A quokka skeleton (D:4)
  4 rats
76 creatures vanquished.

Vanquished Creatures (others)
  A quokka (D:2)
1 creature vanquished.

Grand Total: 77 creatures vanquished

Notes
Turn   | Place    | Note
-------+----------+-------------------------------------------
     0 | D:1      | slep the Minotaur Wanderer began the quest for the Orb.
     0 | D:1      | slep set off with: a +2 leather armour, a potion of lignification, a scroll of teleportation, a +0 club, a bread ration
     0 | D:1      | Reached XP level 1. HP: 26/26 MP: 0/0
   263 | D:1      | You fall through a shaft!
   263 | D:2      | Found a shattered altar of Ashenzari.
   268 | D:2      | Reached XP level 2. HP: 30/35 MP: 1/1
   376 | D:2      | Reached skill level 1 in Axes
   376 | D:2      | Reached XP level 3. HP: 36/40 MP: 2/2
   441 | D:2      | Reached skill level 8 in Fighting
   603 | D:2      | Found a white marble altar of Elyvilon.
   606 | D:2      | Noticed a bullfrog
   609 | D:2      | Killed a bullfrog
   609 | D:2      | Reached XP level 4. HP: 40/49 MP: 3/3
   640 | D:2      | Found a snail-covered altar of Cheibriados.
   848 | D:3      | Noticed Sigmund
   929 | D:3      | Noticed a dagger
   930 | D:3      | Noticed a hand axe
   930 | D:3      | Found a hide-covered altar of Uskayaw.
   959 | D:3      | Reached XP level 5. HP: 56/56 MP: 4/4
  1122 | D:3      | Found an opulent altar of Gozag.
  1189 | D:4      | Found Zin's Purification Station.
  1192 | D:4      | Found a glowing silver altar of Zin.
  1212 | D:4      | Found a staircase to the Ecumenical Temple.
  1218 | Temple   | Entered the Ecumenical Temple
  1328 | D:4      | Reached XP level 6. HP: 51/62 MP: 5/5
  1399 | D:4      | Found a shadowy altar of Dithmenos.
  1775 | D:3      | Killed Sigmund
  1775 | D:3      | Reached skill level 9 in Fighting
  1975 | D:4      | Reached XP level 7. HP: 60/70 MP: 6/6
  2380 | D:5      | Entered Level 5 of the Dungeon
  2425 | D:5      | Reached skill level 5 in Axes
  2866 | D:6      | Hit by a tomahawk of returning thrown by an orc warrior

Vault maps used:
D:1:      roderic_crop_circles_arrival_small, glass_columns_b,
          minmay_misc_feat_x, roderic_serpentine_path, grunt_decor_resistance,
          minmay_misc_feat_iff
D:2:      elyvilon_altar_4, cheibriados_altar_1, ashenzari_conservatory_becter
D:3:      lemuel_crystal_altar, dancing_weapons_uskayaw, uniq_sigmund
D:4:      zin_purify, minmay_temple_entry_hall, serial_bayou_pond_d,
          grunt_dithmenos_shadows
D:5:      first_bread, yredelemnul_altar_generic
D:6:      lemuel_doored_altar
Temple:   cyrus_temple_forest

Skill      XL: |  1  2  3  4  5  6  7 |
---------------+----------------------+-----
Axes           | 1 2 3 4 5 |  5.2
Fighting       | 8 9 |  9.1
Dodging        | 2 |  2.9
Armour         | 2 3 |  3.2
Stealth        | 2 |  2.3
Maces & Flails | |  0.2
Evocations     | |  1.0

Action                   |  1- 3 |  4- 6 |  7- 9 || total
-------------------------+-------+-------+-------++-------
Melee: Club              |    22 |       |       ||    22
       Hand axe          |    28 |    96 |    55 ||   179
       Headbutt          |     6 |    20 |    12 ||    38
 Stab: Sleeping          |       |     4 |     1 ||     5
  Eat: Chunk             |       |     3 |     2 ||     5
Armor: Leather armour    |    17 |    20 |    19 ||    56
Dodge: Dodged            |    29 |    52 |    31 ||   112

Table legend:
 A = Spawn XP
 B = Non-spawn XP
 C = Spawn XP percentage of total XP
 D = Spawn monster count
 E = Non-spawn monster count
 F = Spawn count percentage of total count
 G = Total turns spent on level
                    A         B        C        D         E        F      G
               +---------+---------+-------+---------+---------+-------+---------
         Total |       0 |     912 |   0.0 |       0 |      76 |   0.0 |  2866
               +---------+---------+-------+---------+---------+-------+---------
           D:1 |       0 |      10 |   0.0 |       0 |       6 |   0.0 |   263
           D:2 |       0 |     169 |   0.0 |       0 |      21 |   0.0 |   710
           D:3 |       0 |     310 |   0.0 |       0 |      24 |   0.0 |   536
           D:4 |       0 |     294 |   0.0 |       0 |      17 |   0.0 |   782
           D:5 |       0 |      75 |   0.0 |       0 |       4 |   0.0 |   262
           D:6 |       0 |      54 |   0.0 |       0 |       4 |   0.0 |   224
               +---------+---------+-------+---------+---------+-------+---------
